 Dungeon Crawl Stone Soup version 0.31-a0-1626-g5cb510d322 (webtiles) character file.

Game seed: 6968862910740281428

15 mopl the Ruffian (level 2, -8/22 HPs)
             Began as a Djinni Shapeshifter on Jan 12, 2024.
             Killed by divine providence
             ... invoked by an orc priest
              (11 damage)
             ... on level 2 of the Dungeon.
             The game lasted 00:00:44 (671 turns).

mopl the Ruffian (Djinni Shapeshifter)               Turns: 671, Time: 00:00:44

Health: -8/22      AC:  2    Str: 13    XL:     2   Next: 65%
Gold:   93         EV: 12    Int: 11    God:
                   SH:  0    Dex: 12

rFire   + +          .
                       - Unarmed
rCold   x . .        (no shield)
rNeg    . . .        a - +0 animal skin
rPois   ∞            (helmet currently unavailable)
rElec   .            (cloak currently unavailable)
rCorr   .            (gloves currently unavailable)
SInv    .            (boots unavailable)
Will    .....        f - amulet of faith {!P}
Stlth   +            (no ring)
HPRegen 0.23/turn    (no ring)
MPRegen 0.00/turn

%: faith, infuse magic (-9 HP)
@: beast-form, flying
A: beast (slay +1), flying, sickness immunity, fire resistance 2, cold
vulnerability 1, float, innate caster, HP casting, extra vitality 1
a: Begin Untransformation


You were on level 2 of the Dungeon.
You were a hulking beast.
You visited 1 branch of the dungeon, and saw 2 of its levels.

You collected 93 gold pieces.

Inventory:

Missiles
 h - 5 poisoned darts (quivered)
Armour
 a - a +0 animal skin (worn)
Jewellery
 f - an amulet of faith (around neck) {!P}
Talismans
 c - a beast talisman
 d - a flux talisman
Scrolls
 g - a scroll of immolation {unknown}
 i - a scroll of fog {unknown}
 k - 2 scrolls of teleportation {unknown}
Potions
 b - 3 potions of lignification {!q}
 e - 2 potions of attraction {unknown}
 j - a potion of brilliance {unknown}


   Skills:
 + Level 1.3 Fighting
 - Level 2.1 Dodging
 * Level 3.3 Unarmed Combat
 * Level 2.9 Shapeshifting You didn't know any spells. Your spell library was empty.

Dungeon Overview and Level Annotations

Branches:
Dungeon (2/15)

Altars:

Shops:
D:2 (


Innate Abilities, Weirdness & Mutations

You are a hulking beast.
Your limbs bulge with bestial killing power. (Slay +1)
You are flying.
You are immune to sickness and miasma.
You are immune to poison.
Your flesh is very heat resistant. (rF++)
You are vulnerable to cold. (rC-)
You float through the air rather than walking.
You learn spells naturally, not from books.
Your magical power is your life essence.
You have superior vitality. (+4 MHP)


Message History

The orc priest is lightly wounded.
The orc priest looks encouraged for a moment.
You closely miss the orc priest.
The orc priest is lightly wounded.
The orc priest hits you with a +0 falchion.
You hit the orc priest.
The orc priest is moderately wounded.
You hit the orc.
The orc is heavily wounded.
You closely miss the orc.
The orc is heavily wounded.
The orc hits you with a +0 mace.
The orc priest looks encouraged for a moment.
You hit the orc.
You kill the orc!
The orc priest begins to cast a cantrip, but forgets the words!
You closely miss the orc priest.
The orc priest is moderately wounded.
The orc priest calls upon Beogh to heal the orc priest.
The orc priest's wounds heal themselves!
The orc priest calls down the wrath of Beogh upon you.
Beogh smites you!
You are too injured to fight recklessly!
You are too injured to fight recklessly!
You are too injured to fight recklessly!
You hit the orc priest.
The orc priest is heavily wounded.
The orc priest misses you.
You punch the orc priest!
The orc priest is almost dead.
The orc priest calls upon Beogh to heal the orc priest.
The orc priest is healed somewhat.
The orc priest hits you with a +0 falchion.
* * * LOW HITPOINT WARNING * * *
You hit the orc priest.
The orc priest is severely wounded.
The orc priest mumbles some strange prayers to Beogh against you.
Beogh smites you!
Ouch! That really hurt!
You die...

...#.#.#..###..###.#.
.. . #.#...........#
.####.#..###..###.#
.........###......#.
....................
#######.#########.#.
#.# .. #.# # #h# #o#
.......oo..ooo.
###############


You could see 2 orc priests and an orc.

Vanquished Creatures
  A dart slug (D:1)
  An orc (D:2)
  A giant cockroach (D:2)
  A goblin (D:1)
  2 hobgoblins
  2 ball pythons (D:1)
  A bat (D:1)
  A frilled lizard (D:1)
  2 kobolds (D:1)
12 creatures vanquished.

Notes
Turn   | Place    | Note
-------+----------+-------------------------------------------
     0 | D:1      | mopl the Djinni Shapeshifter began the quest for the Orb.
     0 | D:1      | Reached XP level 1. HP: 17/17 MP: 0/0
   393 | D:1      | Reached XP level 2. HP: 17/22 MP: 0/0
   603 | D:2      | Found Onurex Jaasa's Weapon Shoppe.
   671 | D:2      | Killed from afar by an orc priest

Illustrated notes

Levels and vault maps discovered:
D:1:      lemuel_arrival_room, layout_loops_ring
D:2:      layout_basic, serial_shops, shop

Action                     || total
---------------------------++-------
  Melee: Unarmed           ||    36
         Punch             ||     2
   Stab: Sleeping          ||     3
 Armour: Animal skin       ||    15
  Dodge: Dodged            ||     4

Table legend: (Time is in decaauts)
 A = Elapsed time spent in this place.
 B = Non-inter-level travel time spent in this place.
 C = Inter-level travel time spent in this place.
 D = Time resting spent in this place.
 E = Time spent auto-exploring this place.
 F = Levels seen in this place.
 G = Mean time per level.
                   A        B        C        D        E       F      G
               +--------+--------+--------+--------+--------+-----+--------+
         Total |    668 |    649 |     19 |      0 |    554 |   2 |  334.0 |
       Dungeon |    668 |    649 |     19 |      0 |    554 |   2 |  334.0 |
               +--------+--------+--------+--------+--------+-----+--------+

Top non-repeatable levels by time:
     D:1: 571 daAuts
     D:2: 97 daAuts
